 Dungeon Crawl Stone Soup version 0.29.1 (webtiles) character file.

Game seed: 1538749744971430438

9966 Icepheonix32 the Fighter (level 11, -5/104 HPs)
             Began as a Minotaur Fighter on Sept 14, 2022.
             Was an Elder of Okawaru.
             Slain by a vampire mosquito (15 damage)
             ... on level 11 of the Dungeon.
             The game lasted 00:16:21 (11744 turns).

Icepheonix32 the Fighter (Minotaur Fighter)        Turns: 11744, Time: 00:16:21

Health: -5/104     AC: 14    Str: 24    XL:     11   Next: 30%
Magic:  10/10      EV: 11    Int:  9    God:    Okawaru [****..]
Gold:   147        SH:  5    Dex:  9    Spells: 10/10 levels left

rFire   . . .      SeeInvis .   A - +9 flail (drain)
rCold   . . .      Faith    .   N - orb {mayhem}
rNeg    . . .      Spirit   .   b - +1 scale mail
rPois   .          Reflect  +   (helmet unavailable)
rElec   .          Harm     .   O - +0 cloak {Will+}
rCorr   .          Rampage  .   G - +1 pair of gloves
Will    +....                   P - +0 pair of boots
Stlth   ..........              q - amulet of reflection
HPRegen 0.27/turn               (no ring)
MPRegen 0.12/turn               (no ring)

@: no status effects
A: horns 3, retaliatory headbutt, clever 1, screaming 1
a: Renounce Religion, Heroism, Finesse


You were on level 11 of the Dungeon.
You worshipped Okawaru.
Okawaru was greatly pleased with you.
You visited 2 branches of the dungeon, and saw 13 of its levels.

You collected 757 gold pieces.
You spent 610 gold pieces at shops.

Inventory:

Hand Weapons
 A - a +9 flail of draining (weapon)
 I - a +2 mace of freezing
Missiles
 o - a throwing net
 v - 4 boomerangs (quivered)
 M - a curare-tipped dart
Armour
 b - a +1 scale mail (worn)
 c - a +0 buckler
 j - a +0 kite shield
 s - a scarf of harm
 y - a +0 chain mail
 G - a +1 pair of gloves (worn)
 N - an orb of mayhem (worn)
 O - a +0 cloak of willpower (worn)
 P - a +0 pair of boots (worn)
 R - +0 acid dragon scales
Jewellery
 q - an amulet of reflection (around neck)
 F - a ring of magical power
 L - a ring of ice
Wands
 d - a wand of digging (1)
 r - a wand of flame (9)
 t - a wand of polymorph (8)
 x - a wand of mindburst (23)
 B - a wand of iceblast (20)
Scrolls
 e - 6 scrolls of teleportation
 g - 3 scrolls of silence
 i - a scroll of amnesia
 n - 2 scrolls of magic mapping
 p - a scroll of immolation
 w - a scroll of blinking
 J - a scroll of torment
 K - 2 scrolls of poison
 Q - 2 scrolls of identify
Potions
 a - a potion of ambrosia
 f - 3 potions of curing
 h - a potion of cancellation
 k - a potion of invisibility
 l - a potion of lignification
 m - 3 potions of heal wounds
 u - 5 potions of attraction
 z - 2 potions of brilliance
 C - 3 potions of haste
 D - 2 potions of resistance
 E - a potion of berserk rage
 H - a potion of flight


   Skills:
 * Level 11.9 Fighting
 + Level 4.6(8.4) Axes
 + Level 11.0(11.3) Maces & Flails
 + Level 3.4 Throwing
 + Level 9.5 Armour
 + Level 4.7 Dodging
 + Level 1.1 Stealth
 + Level 8.6 Shields


You had 10 spell levels left.
You didn't know any spells.
Your spell library contained the following spells:

 Spells                   Type           Power      Damage    Failure   Level
 Magic Dart               Conj           0%         1d3       65%         1
 Sting                    Tmut/Pois      0%         1d3       65%         1
 Poisonous Vapours        Pois/Air       0%         N/A       78%         2
 Searing Ray              Conj           0%         2d4       78%         2
 Static Discharge         Conj/Air       0%         3-3/arc   78%         2
 Sublimation of Blood     Necr           0%         N/A       78%         2
 Wereblood                Tmut           0%         N/A       78%         2
 Gell's Gravitas          Tloc           0%         N/A       95%         3
 Teleport Other           Tloc           0%         N/A       95%         3
 Corpse Rot               Necr/Pois/Air  0%         N/A       100%        4
 Dispel Undead            Necr           0%         3d6       100%        4
 Fulminant Prism          Conj/Hex       0%         3d6       100%        4
 Olgreb's Toxic Radiance  Pois           0%         N/A       100%        4
 Passage of Golubria      Tloc           0%         N/A       100%        4
 Petrify                  Tmut/Erth      0%         N/A       100%        4
 Sticky Flame             Conj/Fire      0%         2d3       100%        4
 Irradiate                Conj/Tmut      0%         3d11      100%        5
 Silence                  Hex/Air        0%         N/A       100%        5
 Dispersal                Tloc           0%         N/A       100%        6
 Lehudib's Crystal Spear  Conj/Erth      0%         10d2      100%        8
 Death Channel            Necr           Unusable   N/A       N/A         6
 Summon Hydra             Summ           Unusable   N/A       N/A         7

Dungeon Overview and Level Annotations

Branches:
Dungeon (12/15)            Temple (1/1) D:7            Lair (0/5) D:11
    Orc: D:9-12

Altars:
Ashenzari
Cheibriados
Dithmenos
Elyvilon
Fedhas
Gozag
Hepliaklqana
Kikubaaqudgha
Makhleb
Nemelex Xobeh
Okawaru
Qazlal
Ru
Sif Muna
Trog
Uskayaw
Vehumet
Wu Jian
Xom
Yredelemnul
Zin
The Shining One

Shops:
D:4 !   D:9 =   D:11 [

Annotations:
D:3 3 runed translucent doors, Icepheonix32's ghost, amateur MfTm; Icepheonix32's ghost, amateur MiFi; NickelLess's ghost, amateur HOFi


Innate Abilities, Weirdness & Mutations

You have a pair of large horns on your head.
You reflexively headbutt those who attack you in melee.
Your mind is acute. (Int +4, Str/Dex -1)
You occasionally shout uncontrollably at your foes.


Message History

You are too injured to fight recklessly!
Unknown command.
You are too injured to fight recklessly!
You miss the vampire mosquito.
The vampire mosquito is severely damaged.
The vampire mosquito bites you but does no damage. x2
You miss the vampire mosquito.
The vampire mosquito is severely damaged.
The vampire mosquito bites you.
The vampire mosquito draws strength from your injuries!
The vampire mosquito bites you!
The vampire mosquito draws strength from your injuries!
You miss the vampire mosquito.
The vampire mosquito is heavily damaged.
The vampire mosquito bites you but does no damage.
The vampire mosquito bites you!
The vampire mosquito draws strength from your injuries!
The vampire mosquito bites you but does no damage.
You closely miss the vampire mosquito.
The vampire mosquito is heavily damaged.
You block the vampire mosquito's attack.
The vampire mosquito bites you but does no damage.
You miss the vampire mosquito.
The vampire mosquito is heavily damaged.
The vampire mosquito bites you but does no damage.
You block the vampire mosquito's attack.
The vampire mosquito bites you!
* * * LOW HITPOINT WARNING * * *
The vampire mosquito draws strength from your injuries!
You hit the vampire mosquito.
The vampire mosquito is moderately damaged.
The vampire mosquito barely misses you. The vampire mosquito bites you!
* * * LOW HITPOINT WARNING * * *
The vampire mosquito draws strength from your injuries!
You hit the vampire mosquito.
Your headbutt misses the vampire mosquito.
The vampire mosquito is moderately damaged.
The vampire mosquito bites you but does no damage.
The vampire mosquito barely misses you. The vampire mosquito bites you!
You die...

....................#############
....................#
....................#
....................#
.................(..#
....................#############
...................<.............
...............y.................
####............@................
#...###############..#########
#...# #..# #...# #..# #...# #..#
####...# #..######### .......#
#........... ########
############


You could see a neutral vampire mosquito (fast, strong, insane).

Vanquished Creatures
  A hydra (D:11)
  2 two-headed ogres
  A cyclops (D:7)
  2 kobold demonologists (D:10)
  A komodo dragon (D:11)
  A troll (D:11)
  2 shadows (D:11)
  5 yaks (D:10)
  2 wyverns
  A vampire (D:9)
  2 steam dragons
  2 vampire mosquitoes
  4 acid dragons
  Edmund (D:4)
  2 water moccasins
  2 ice beasts (D:5)
  An orc warrior (D:9)
  4 black bears
  A sky beast (D:5)
  4 centaurs
  A phantom (D:5)
  3 kobold brigands
  7 bullfrogs
  A gnoll sergeant (D:9)
  6 necrophages
  8 scorpions
  3 wights (D:9)
  6 killer bees
  2 howler monkeys
  3 jellies
  An orc priest (D:9)
  4 hounds
  A gnoll bouda (D:4)
  2 iguanas
  7 orc wizards
  12 gnolls
  8 adders
  10 river rats (D:4)
  3 shadow imps
  5 ufetubi
  2 worms
  A dart slug (D:1)
  20 orcs
  3 ball pythons
  3 bats
  6 endoplasms
  7 giant cockroaches
  10 goblins
  2 hobgoblins
  4 jackals (D:2)
  20 kobolds
  8 quokkas
  4 frilled lizards (D:2)
  16 rats
240 creatures vanquished.

Vanquished Creatures (collateral kills)
  A killer bee (D:11)
1 creature vanquished.

Vanquished Creatures (others)
  An adder (D:6)
  18 fungi
  19 plants (D:11)
  3 toadstools (D:10)
41 creatures vanquished.

Grand Total: 282 creatures vanquished

Notes
Turn   | Place    | Note
-------+----------+-------------------------------------------
     0 | D:1      | Icepheonix32 the Minotaur Fighter began the quest for the
                  | Orb.
     0 | D:1      | Reached XP level 1. HP: 19/19 MP: 0/0
   119 | D:1      | Reached XP level 2. HP: 26/27 MP: 1/1
   879 | D:2      | Reached XP level 3. HP: 29/33 MP: 2/2
  1286 | D:2      | Reached XP level 4. HP: 33/41 MP: 3/3
  1873 | D:2      | Found a faded altar of an unknown god.
  2247 | D:3      | Found a runed translucent gate.
  2248 | D:3      | Found a runed translucent gate.
  2249 | D:3      | Found a runed translucent gate.
  2252 | D:3      | Noticed NickelLess's ghost (amateur HOFi)
  2252 | D:3      | Noticed Icepheonix32's ghost (amateur MfTm)
  2252 | D:3      | Noticed Icepheonix32's ghost (amateur MiFi)
  2631 | D:4      | Reached skill level 1 in Dodging
  2651 | D:4      | Reached XP level 5. HP: 39/47 MP: 4/4
  2773 | D:4      | Found Beem's Distillery.
  2890 | D:4      | Noticed Edmund
  2899 | D:4      | Killed Edmund
  2900 | D:4      | Reached skill level 5 in Fighting
  2900 | D:4      | Reached XP level 6. HP: 37/56 MP: 5/5
  3207 | D:4      | Reached skill level 5 in Armour
  3216 | D:4      | Reached skill level 1 in Maces & Flails
  3357 | D:4      | Found a bloodstained altar of Trog.
  3452 | D:4      | Reached XP level 7. HP: 33/63 MP: 6/6
  3871 | D:4      | Found a basalt altar of Yredelemnul.
  3990 | D:4      | Reached skill level 5 in Shields
  4079 | D:5      | Entered Level 5 of the Dungeon
  4131 | D:4      | Bought a potion of curing for 33 gold pieces
  4131 | D:4      | Bought a potion of attraction for 33 gold pieces
  4131 | D:4      | Bought a potion of haste for 110 gold pieces
  4372 | D:5      | Reached XP level 8. HP: 67/73 MP: 7/7
  4414 | D:5      | Found a radiant altar of Vehumet.
  4433 | D:5      | Reached skill level 5 in Maces & Flails
  4865 | D:5      | Gained mutation: Your flesh is cold resistant. (rC+)
                  | [potion of mutation]
  5204 | D:6      | Found a glowing silver altar of Zin.
  5349 | D:6      | Reached XP level 9. HP: 82/82 MP: 8/8
  5363 | D:6      | Found an iron altar of Okawaru.
  5388 | D:6      | Became a worshipper of Warmaster Okawaru
  6108 | D:7      | Found a glowing golden altar of the Shining One.
  6117 | D:7      | Found a burning altar of Makhleb.
  6126 | D:7      | Noticed a cyclops
  6145 | D:7      | Killed a cyclops
  6145 | D:7      | Reached * piety under Okawaru
  6146 | D:7      | Reached skill level 1 in Throwing
  6567 | D:7      | Found a staircase to the Ecumenical Temple.
  6586 | Temple   | Entered the Ecumenical Temple
  7130 | D:8      | Noticed a two-headed ogre
  7137 | D:8      | Killed a two-headed ogre
  7447 | D:8      | Reached XP level 10. HP: 93/93 MP: 9/9
  7504 | D:8      | Found a hazy altar of Hepliaklqana.
  7785 | D:9      | Found a shadowy altar of Dithmenos.
  8067 | D:9      | Reached ** piety under Okawaru
  8072 | D:9      | Reached skill level 10 in Fighting
  8133 | D:9      | Noticed a two-headed ogre
  8142 | D:9      | Killed a two-headed ogre
  8617 | D:9      | Found Caargh's Jewellery Boutique.
  8622 | D:9      | Found a shimmering blue altar of Sif Muna.
  9363 | D:9      | Found a white marble altar of Elyvilon.
  9450 | D:10     | Entered Level 10 of the Dungeon
  9545 | D:10     | Found a sparkling altar of Nemelex Xobeh.
  9814 | D:10     | Reached *** piety under Okawaru
 10073 | D:10     | Reached skill level 1 in Stealth
 10376 | D:10     | Found a blossoming altar of Fedhas.
 10383 | D:10     | Reached skill level 10 in Maces & Flails
 10670 | D:11     | Noticed an eight-headed hydra
 10695 | D:11     | Killed an eight-headed hydra
 10695 | D:11     | Reached **** piety under Okawaru
 10696 | D:11     | Reached XP level 11. HP: 68/102 MP: 8/10
 10842 | D:11     | Found a staircase to the Lair.
 10911 | D:11     | Found Riegukha's Armour Shoppe.
 10921 | D:11     | Bought an orb of mayhem for 195 gold pieces
 10921 | D:11     | Bought a +0 cloak of willpower for 172 gold pieces
 10921 | D:11     | Bought a +0 pair of boots for 67 gold pieces
 11304 | D:11     | Lost mutation: Your flesh is cold resistant. (rC+) [potion
                  | of mutation]
 11304 | D:11     | Gained mutation: Your mind is acute. (Int +4, Str/Dex -1)
                  | [potion of mutation]
 11304 | D:11     | Gained mutation: You occasionally shout uncontrollably at
                  | your foes. [potion of mutation]
 11304 | D:11     | Gained mutation: You have a pair of large horns on your
                  | head. [potion of mutation]
 11727 | D:12     | Noticed a sixfirhy
 11728 | D:12     | Noticed a sixfirhy
 11728 | D:12     | Noticed a soul eater
 11744 | D:11     | Slain by a vampire mosquito

Illustrated notes

Levels and vault maps discovered:
D:1:      dpeg_arrival_rooms_with_view, layout_rooms, minmay_misc_feat_chi,
          kennysheep_small_spiral
D:2:      minmay_inner_zag, layout_loops_ring,
          shapermc_ecumenical_altar_hornbeckon
D:3:      layout_loops_ring, gammafunk_ghost_cemetery
D:4:      layout_rooms, overflow_temple_1_default, trog_three_pillars_becter,
          serial_shops, nicolae_take_the_stairs, corexii_corridor_pit,
          minmay_misc_feat_alley, kennysheep_cross_room,
          minmay_misc_feat_secret_circle, st_stairs_1, minmay_misc_feat_x,
          roderic_roman_lattice, dk_rats_in_the_wall, uniq_edmund
D:5:      layout_loops_cross, lemuel_round_altar
D:6:      layout_cave_pools, zin_scriptorium, okawaru_ov_weapons_minmay,
          abandoned_shop
D:7:      layout_rooms, mainiacjoe_overflow_catwalk_spiral,
          minmay_temple_entry_purple_smoke
D:8:      layout_cave_pods, worldfamousw_hep_ancestral_shrine
D:9:      layout_basic, general_overflow_altar, nicolae_elyvilon_peaceful_grove,
          mainiacjoe_overflow_boulevard, st_stairs_8, hangedman_decor_riveting,
          chequers_jeans, kennysheep_windowed_goal
D:10:     layout_basic, fedhas_bush_and_centaur_altar,
          nemelex_spade_bored_becter, minmay_gold_behind_fungi
D:11:     layout_long_grid, due_lair_maze_entry_diamond, serial_shops, shop
D:12:     layout_cave_pools, zombieorc2_lemuel, serial_demonic,
          serial_demonic_f, serial_demonic_c, serial_demonic_a,
          serial_demonic_e, serial_demonic_d, serial_demonic_c, serial_demonic_c
Temple:   dpeg_three_leaves_temple

Skill      XL: |  1  2  3  4  5  6  7  8  9 10 11 |
---------------+----------------------------------+-----
Fighting       | 4 5 6 7 8 9 11 | 11.9
Shields        | 4 5 6 7 8 |  8.6
Armour         | 4 5 6 7 8 9 |  9.5
Axes           | 3 4 |  4.6
Dodging        | 1 2 3 4 |  4.7
Maces & Flails | 2 4 6 8 10 11 | 11.0
Throwing       | 2 3 |  3.4
Stealth        | 1 |  1.1

Action                   |  1- 3 |  4- 6 |  7- 9 | 10-12 || total
-------------------------+-------+-------+-------+-------++-------
Melee: War axe           |   111 |    64 |       |       ||   175
       Headbutt          |    13 |    16 |    34 |    33 ||    96
       Flail             |       |    49 |   215 |   194 ||   458
Throw: Boomerang         |       |       |    33 |     1 ||    34
Invok: Heroism           |       |       |     1 |     1 ||     2
Evoke: Wand              |       |       |     1 |       ||     1
  Use: Potion            |       |     1 |     6 |     3 ||    10
       Scroll            |       |       |    18 |     5 ||    23
Armor: Scale mail        |    47 |    35 |    85 |    91 ||   258
Dodge: Dodged            |    42 |    56 |    96 |    74 ||   268
Block: Buckler           |    23 |    51 |   114 |    66 ||   254
       Reflection        |       |       |     3 |     6 ||     9
       Orb               |       |       |       |    15 ||    15
